 Dungeon Crawl Stone Soup version 0.17.1-1-g73c8601 (webtiles) character file.

147 shmeve the Shield-Bearer (level 5, -1/42 HPs)
             Began as a Formicid Fighter on Apr 23, 2016.
             Killed by nerve-wracking pain
             ... invoked by Menkaure
              (11 damage)
             ... on level 4 of the Dungeon.
             The game lasted 00:04:37 (2315 turns).

shmeve the Shield-Bearer (Formicid Fighter)         Turns: 2315, Time: 00:04:38

Health: -1/42      AC:  9    Str: 21    XL:     5   Next: 55%
Magic:  5/5        EV:  9    Int:  5    God:
Gold:   108        SH:  9    Dex: 10    Spells: 0 memorised, 4 levels left

rFire  . . .     SeeInvis +     a - +0 war axe
rCold  . . .     Clarity  .     r - +0 chain mail
rNeg   . . .     SustAt   .     c - +0 shield
rPois  .         Gourm    .     (helmet unavailable)
rElec  .         Spirit   .     (no cloak)
rCorr  .         Warding  .     (no gloves)
rMut   .         Stasis   +     (no boots)
MR     .....                    (no amulet)
Stlth  ..........               p - +3 ring of evasion
                                l - -3 ring of intelligence (curse)

@: not resistant to hostile enchantments, extremely unstealthy
A: permanent stasis, dig shafts and tunnels, four strong arms, antennae 3
a: Dig, Shaft Self


You were on level 4 of the Dungeon.
You were not hungry.

You visited 1 branch of the dungeon, and saw 4 of its levels.

You collected 108 gold pieces.

Inventory:

Hand Weapons
 a - a +0 war axe (weapon)
Missiles
 q - 18 bolts
Armour
 c - a +0 shield (worn)
 r - a +0 chain mail (worn)
Jewellery
 l - a cursed -3 ring of intelligence (left hand)
 p - a +3 ring of evasion (right hand)
Scrolls
 g - 4 scrolls of identify {unknown}
 h - a scroll of blinking {unknown}
 i - 2 scrolls of enchant weapon {unknown}
 j - a scroll of fog {unknown}
 n - 3 scrolls of teleportation {unknown}
 o - 2 scrolls of remove curse {unknown}
Potions
 b - a potion of magic {unknown}
 d - 3 potions of might
 f - a potion of lignification {unknown}
 k - 3 potions of curing {unknown}
Comestibles
 e - a bread ration
 m - 3 beef jerkies
 s - a chunk of flesh


   Skills:
 * Level 4.0 Fighting
 * Level 3.5 Axes
 + Level 3.7 Armour
 + Level 1.2 Dodging
 * Level 4.5 Shields


You had 4 spell levels left.
You didn't know any spells.

Dungeon Overview and Level Annotations

Branches:
Dungeon (4/15)
 Temple: D:4-7

Altars:

Annotations:
D:4 Menkaure


Innate Abilities, Weirdness & Mutations

You are under a permanent stasis effect.
You can dig through walls and to a lower floor.
Your four strong arms can wield two-handed weapons with a shield.
You have a pair of large antennae on your head (SInv).


Message History

Menkaure, Prince of Dust comes into view.
Menkaure shouts!
Menkaure moves out of view.
Menkaure mumbles some strange words.
Menkaure seems to speed up.
Menkaure gestures at you while chanting.
Pain shoots through your body! Menkaure barely misses you. Menkaure hits you!
You hit Menkaure but do no damage.
Menkaure points at you and mumbles some strange words.
You struggle to resist.
You hit Menkaure but do no damage.
Menkaure points at you and mumbles some strange words.
Pain shoots through your body! Menkaure closely misses you.
You hit Menkaure but do no damage. Menkaure hits you.
* * * LOW HITPOINT WARNING * * *
Your chain mail prevents you from hitting Menkaure.
Menkaure casts a spell at you. Pain shoots through your body!
You die...

## #### ##...#
......# .......
.....## ##
#.M.## .. #@.##
##..## ##..##
####
#...####..####
##...........###
#..............
##...../####....
###......##
####. #......).#
##


You could see Menkaure.

Vanquished Creatures
  An orc wizard (D:4)
  4 adders
  2 giant geckos
  5 orcs
  4 giant cockroaches
  7 goblins
  9 hobgoblins
  A quokka (D:2)
  A ball python (D:2)
  11 bats
  3 giant newts
  12 jackals
  7 kobolds
  A quokka skeleton (D:4)
  4 rats
72 creatures vanquished.

Notes
Turn   | Place    | Note
--------------------------------------------------------------
     0 | D:1      | shmeve the Formicid Fighter began the quest for the Orb.
     0 | D:1      | Reached XP level 1. HP: 18/18 MP: 1/1
   394 | D:1      | Reached XP level 2. HP: 18/24 MP: 2/2
   722 | D:2      | Reached XP level 3. HP: 27/30 MP: 3/3
   964 | D:2      | Reached skill level 4 in Shields
   998 | D:2      | Reached XP level 4. HP: 24/37 MP: 4/4
  1966 | D:3      | Reached skill level 1 in Dodging
  2136 | D:3      | Reached XP level 5. HP: 39/42 MP: 5/5
  2306 | D:4      | Noticed Menkaure
  2315 | D:4      | Killed from afar by Menkaure

Action                   |  1- 3 |  4- 6 || total
-------------------------+-------+-------++-------
Melee: War axe           |   109 |    97 ||   206
  Eat: Chunk             |       |     5 ||     5
